 Dungeon Crawl Stone Soup version 0.23.2-33-g5129a83184 (webtiles) character file.

Game seed: 17397582260545474124

67 Folque the Digger (level 3, 0/29 HPs)
             Began as a Draconian Earth Elementalist on July 5, 2019.
             Slain by a hound (2 damage)
             ... on level 1 of the Dungeon.
             The game lasted 00:05:38 (1186 turns).

Folque the Digger (Draconian Earth Elementalist)    Turns: 1186, Time: 00:05:39

Health: 0/29       AC:  6    Str: 10    XL:     3   Next: 98%
Magic:  2/7        EV: 12    Int: 16    God:
Gold:   100        SH:  0    Dex: 11    Spells: 1/7 levels left

rFire    . . .     SeeInvis .   f - +0 dagger
rCold    . . .     Gourm    .   (no shield)
rNeg     . . .     Faith    .   (armour unavailable)
rPois    .         Spirit   .   (helmet restricted)
rElec    .         Reflect  .   (no cloak)
rCorr    .         Harm     .   (no gloves)
MR       .....                  (no boots)
Stlth    ++........             (no amulet)
HPRegen  0.09/turn              (no ring)
MPRegen  0.10/turn              (no ring)

@: lethally poisoned (0 -> -2), about to teleport
A: unfitting armour, deterioration 1, shaggy fur 1, cold-blooded, AC +5
a: no special abilities


You were on level 1 of the Dungeon.
You were not hungry.

You visited 1 branch of the dungeon, and saw 2 of its levels.

You collected 100 gold pieces.

Inventory:

Hand Weapons
 f - a +0 dagger (weapon)
Missiles
 b - 68 stones (quivered)
Jewellery
 i - an uncursed ring of protection from fire {unknown}
 j - a +4 ring of strength {unknown}
Scrolls
 d - a scroll of noise
 g - a scroll of teleportation
 k - a scroll of magic mapping
Comestibles
 a - 5 chunks of flesh
 c - 2 rations


   Skills:
 - Level 2.1 Fighting
 - Level 1.7 Dodging
 - Level 1.7 Stealth
 * Level 2.9 Spellcasting
 - Level 1.0 Transmutations
 + Level 3.5 Earth Magic


You had one spell level left.
You knew the following spells:

 Your Spells              Type           Power        Failure   Level  Hunger
a - Sandblast             Erth           ##....       4%          1    #......
b - Passwall              Tmut/Erth      #.......     11%         2    ##.....
c - Stone Arrow           Conj/Erth      #.....       26%         3    ###....

Your spell library contained the following spells:

 Spells                   Type           Power        Failure   Level  Hunger
 Petrify                  Tmut/Erth      #.......     58%         4    #####..
 Lee's Rapid Deconstruct  Erth           ##........   75%         5    ######.


Dungeon Overview and Level Annotations

Branches:
Dungeon (2/15)

Altars:
Makhleb


Innate Abilities, Weirdness & Mutations

Your plain brown scales are hard. (AC +5)
You cannot fit into any form of body armour.
You are cold-blooded and may be slowed by cold attacks.
Your body sometimes deteriorates upon taking damage.
You are covered in fur. (AC +1)


Message History

* * * LOW HITPOINT WARNING * * *
It was a potion of mutation.
You feel extremely strange.
You feel yourself wasting away. Fur sprouts all over your body.
* * * LOW HITPOINT WARNING * * *
You feel sick. The hound barely misses you.
The hound bites you but does no damage.
Autopickup is now off.
Autopickup is now on.
As you read the scroll labeled MESCHOA LE ROJ, it crumbles to dust.
You feel strangely unstable.
It was a scroll of teleportation.
The hound closely misses you.
Eat one of 6 chunks of flesh? (ye/n/q)
You eat one of the 6 chunks of flesh.
This raw flesh tastes terrible.
The hound closely misses you. The hound misses you.
As you read the scroll labeled GURULOTRINE, it crumbles to dust.
It is a scroll of enchant armour.
You aren't carrying any armour which can be enchanted further.
The hound pauses to sniff the ground.
The hound bites you.
You die...

#.# #..##.......##.# #. #.#
#..########.##.#########.
#.#####..########[.............
#.........÷........##..........
###..###########...##..........
#..###########.#.##..........
#............................
#########...##.###...♣.♣.♣.♣.
#....#.@hS..............
#.##...##.###...........
#.###.###.###........... #.#
#.# #.#............. #.# #.#
#.#.##.......... ########.# #.#
#.#.##..♣.♣.♣.♣. #........###.#
#............... #.######.....#
###.##.......... #.##..##..##.#
#.............


You could see a hound and an adder.

Vanquished Creatures
  2 gnolls (D:2)
  A worm (D:2)
  2 dart slugs (D:1)
  A leopard gecko (D:1)
  6 bats
  2 giant cockroaches (D:2)
  3 goblins
  5 hobgoblins
  5 jackals (D:1)
  4 kobolds
  3 frilled lizards (D:1)
  A rat (D:1)
35 creatures vanquished.

Notes
Turn   | Place    | Note
-------+----------+-------------------------------------------
     0 | D:1      | Folque the Draconian Earth Elementalist began the quest for
                  | the Orb.
     0 | D:1      | Reached XP level 1. HP: 14/14 MP: 3/3
   107 | D:1      | Reached skill level 1 in Fighting
   219 | D:1      | Reached XP level 2. HP: 23/23 MP: 3/5
   450 | D:1      | Learned a level 2 spell: Passwall
   526 | D:1      | Reached XP level 3. HP: 29/29 MP: 6/6
   800 | D:2      | Learned a level 3 spell: Stone Arrow
   826 | D:2      | Found a burning altar of Makhleb.
  1183 | D:1      | Gained mutation: Your body sometimes deteriorates upon
                  | taking damage. [potion of mutation]
  1183 | D:1      | Gained mutation: You are covered in fur. (AC +1) [potion of
                  | mutation]
  1183 | D:1      | HP: 1/29 [poisoned by an adder]
  1186 | D:1      | Slain by a hound

Skill      XL: |  1  2 |
---------------+-------+-----
Fighting       | 1 2 |  2.1
Dodging        | |  1.7
Stealth        | |  1.7
Spellcasting   | |  2.9
Transmutations | |  1.0
Earth Magic    | |  3.5

Action                   || total
-------------------------++-------
Melee: Unarmed           ||    39
       Tailslap          ||    10
       Dagger            ||   111
 Cast: Sandblast         ||    25
       Stone Arrow       ||     1
       Passwall          ||     1
  Use: Scroll            ||     5
       Potion            ||     1
 Stab: Sleeping          ||     3
  Eat: Chunk             ||     2
Armor: Skin              ||    86
Dodge: Dodged            ||   150
